 Dungeon Crawl Stone Soup version 0.21.1-1-g345015f (webtiles) character file.

6006 kae the Martial Artist (level 10, -13/114 HPs)
             Began as a Demonspawn Transmuter on June 14, 2018.
             Was a Believer of Makhleb.
             Mangled by Snorg (15 damage)
             ... on level 10 of the Dungeon.
             The game lasted 00:16:55 (12925 turns).

kae the Martial Artist (Demonspawn Transmuter)     Turns: 12925, Time: 00:16:56

Health: -13/114    AC: 25    Str: 10    XL:     10   Next: 56%
Magic:  0/18       EV:  2    Int: 14    God:    Makhleb [**....]
Gold:   546        SH:  6    Dex: 18    Spells: 13/20 levels left

rFire    . . .     SeeInvis .     - Unarmed
rCold    + . .     Gourm    .   q - +1 buckler
rNeg     + + +     Faith    .   (armour currently unavailable)
rPois    +         Spirit   +   (helmet currently unavailable)
rElec    .         Reflect  .   (cloak currently unavailable)
rCorr    .         Harm     .   (gloves currently unavailable)
MR       .....     NoTele   +   (boots currently unavailable)
Stlth    +++.......             (no amulet)
HPRegen  0.29/turn              y - ring of positive energy
MPRegen  0.16/turn              B - ring of protection from cold

@: tree-form (expiring)
A: nightstalker 1, magic shield
a: Minor Destruction, Renounce Religion


You were on level 10 of the Dungeon.
You worshipped Makhleb.
Makhleb was pleased with you.
You were very hungry.
You were a tree.
You visited 2 branches of the dungeon, and saw 11 of its levels.
You also visited: Ossuary.

You collected 546 gold pieces.

Inventory:

Missiles
 a - 100 arrows
Armour
 b - a +0 robe
 o - a +0 pair of gloves (melded)
 q - a +1 buckler (worn)
 r - the +1 robe "Duugan" (melded) {+Blink rF- rC+ Str+2 Int+2}
   (You found it on level 7 of the Dungeon)

   It affects your strength (+2).
   It affects your intelligence (+2).
   It makes you vulnerable to fire.
   It protects you from cold.
   It lets you blink.
Jewellery
 k - a +1 ring of protection
 y - a ring of positive energy (left branch)
 B - a ring of protection from cold (right branch)
Wands
 j - a wand of enslavement (7)
 p - a wand of polymorph (15)
 D - a wand of flame (41)
Scrolls
 e - 5 scrolls of enchant weapon
 h - a scroll of identify
 n - 4 scrolls of enchant armour
 u - 3 scrolls of teleportation
 z - a scroll of remove curse
Potions
 g - 7 potions of curing
 i - 4 potions of ambrosia
 m - a potion of brilliance
 s - a potion of lignification
 t - a potion of haste {unknown}
 v - a potion of cancellation
 w - 2 potions of flight
 x - a potion of berserk rage
 A - 2 potions of magic
Books
 c - a book of Changes

   Spells                             Type                      Level
   a - Beastly Appendage              Transmutation                1
   b - Sticks to Snakes               Transmutation                2
   c - Spider Form                    Transmutation/Poison         3
   d - Ice Form                       Ice/Transmutation            4
   e - Blade Hands                    Transmutation                5
 f - a book of Necromancy

   Spells                             Type                      Level
   a - Pain                           Necromancy                   1
   b - Animate Skeleton               Necromancy                   1
   c - Vampiric Draining              Necromancy                   3
   d - Regeneration                   Charms/Necromancy            3
   e - Animate Dead                   Necromancy                   4
   f - Borgnjor's Vile Clutch         Necromancy/Earth             5
 l - a book of Misfortune

   Spells                             Type                      Level
   a - Confusing Touch                Hexes                        1
   b - Confuse                        Hexes                        3
   c - Gell's Gravitas                Translocation                3
   d - Petrify                        Transmutation/Earth          4
   e - Metabolic Englaciation         Hexes/Ice                    5
   f - Yara's Violent Unravelling     Hexes/Transmutation          5
Comestibles
 d - 11 rations


   Skills:
 + Level 5.9 Fighting
 + Level 5.8 Dodging
 - Level 4.0 Shields
 * Level 8.3 Unarmed Combat
 + Level 5.8 Spellcasting
 + Level 5.8 Transmutations
 + Level 5.1 Invocations


You had 13 spell levels left.
You knew the following spells:

 Your Spells              Type           Power        Failure   Level  Hunger
a - Beastly Appendage     Tmut           ###...       1%          1    None
b - Sticks to Snakes      Tmut           ###.....     2%          2    #......
c - Spider Form           Tmut/Pois      ##........   14%         3    ###....
d - Confusing Touch       Hex            #.....       16%         1    None


Dungeon Overview and Level Annotations

Branches:
Dungeon (10/15)            Temple (1/1) D:6            Lair (0/6) D:9
    Orc: D:9-12

Altars:
Ashenzari
Cheibriados
Dithmenos
Elyvilon
Fedhas
Gozag
Hepliaklqana
Kikubaaqudgha
Makhleb
Nemelex Xobeh
Okawaru
Qazlal
Ru
Sif Muna
Trog
Uskayaw
Vehumet
Wu Jian
Xom
Yredelemnul
Zin
The Shining One

Shops:
D:7 :   D:10 :

Annotations:
D:10 Snorg


Innate Abilities, Weirdness & Mutations

((You have a pair of antennae on your head.))
((You are partially covered in slimy green scales. (AC +2)))
You are slightly more attuned to the shadows.
When hurt, damage is shared between your health and your magic reserves.


Message History

Snorg is almost dead.
Snorg bites you!
* * * LOW HITPOINT WARNING * * *
Snorg claws you.
* * * LOW HITPOINT WARNING * * *
Snorg claws you but does no damage.
Your ball python bites Snorg.
Your ball python closely misses Snorg.
Snorg bites you!
* * * LOW HITPOINT WARNING * * *
Snorg claws you.
* * * LOW HITPOINT WARNING * * *
Snorg claws you but does no damage.
You closely miss Snorg.
Snorg is almost dead.
Your transformation is almost over.
Your ball python closely misses Snorg.
Snorg completely misses you.
Snorg claws you but does no damage. x2; Your ball python barely misses Snorg.
You hit Snorg.
Snorg is almost dead.
Snorg bites you but does no damage. Snorg claws you!
You die...

...##############
#...T♣.........#
.....SS########.#
.#####.# #.# #.#
#.# #.# #.# #.#
#.# .#####.###
#.# .........#
#.# ######.#.#
#.#


You could see Snorg (berserk) and 2 friendly ball pythons.

Vanquished Creatures
  The ghost of nicolaieve the Cleaver, a novice MiBe of Trog (D:9)
  3 hornets (D:8)
  A hippogriff (D:9)
  Sigmund (D:2)
  A wyvern (D:9)
  A hungry ghost (D:10)
  2 soldier ants (D:8)
  A water moccasin (D:9)
  A hornet zombie (D:8)
  An ice beast (D:9)
  4 ogres
  A black bear (D:9)
  An eye of draining (D:9)
  A phantom (D:8)
  2 centaurs (D:7)
  2 big kobolds (D:9)
  8 bullfrogs
  A wyvern zombie (D:8)
  2 scorpions
  11 wights
  3 howler monkeys
  A jelly (D:7)
  2 quasits
  A bullfrog zombie (D:7)
  2 centaur zombies
  3 hounds
  A human zombie (Ossuary)
  3 orc priests
  12 orc wizards
  3 iguanas
  2 centaur skeletons
  5 worker ants
  3 big kobold zombies (Ossuary)
  3 mummies (Ossuary)
  2 hound zombies (D:7)
  2 hound skeletons
  Robin (D:4)
  A worker ant zombie (D:7)
  10 adders
  4 shadow imps
  6 oozes
  An adder zombie (Ossuary)
  5 worms
  2 dart slugs
  4 leopard geckos
  40 orcs
  7 bats
  10 giant cockroaches
  13 goblins
  6 hobgoblins
  7 jackals
  4 quokkas
  A ball python (D:4)
  2 frilled lizards
  2 goblin zombies (Ossuary)
  A hobgoblin zombie (Ossuary)
  A jackal skeleton (D:4)
  11 kobolds
  A kobold zombie (Ossuary)
  A leopard gecko zombie (D:7)
  An orc zombie (Ossuary)
  A quokka zombie (D:6)
  7 rats
  A rat zombie (Ossuary)
245 creatures vanquished.

Vanquished Creatures (collateral kills)
  An orc priest (D:3)
  A human zombie (Ossuary)
  An iguana (D:4)
  A worker ant (D:4)
  A mummy (Ossuary)
5 creatures vanquished.

Grand Total: 250 creatures vanquished

Notes
Turn   | Place    | Note
-------+----------+-------------------------------------------
     0 | D:1      | kae the Demonspawn Transmuter began the quest for the Orb.
     0 | D:1      | Reached XP level 1. HP: 15/15 MP: 3/3
   745 | D:2      | Gained mutation: When hurt, damage is shared between your health and your magic reserves. [demonic ancestry]
   745 | D:2      | Reached XP level 2. HP: 21/21 MP: 3/5
   764 | D:2      | Learned a level 2 spell: Sticks to Snakes
   874 | D:2      | Reached skill level 3 in Unarmed Combat
  1196 | D:2      | Gained mutation: You are partially covered in slimy green scales. (AC +2) [demonic ancestry]
  1196 | D:2      | Reached XP level 3. HP: 26/26 MP: 4/6
  1488 | D:2      | Learned a level 1 spell: Confusing Touch
  1523 | D:2      | Noticed Sigmund
  1542 | D:2      | Killed Sigmund
  1542 | D:2      | Gained mutation: You have a pair of small antennae on your head. [demonic ancestry]
  1542 | D:2      | Reached XP level 4. HP: 29/33 MP: 2/7
  1542 | D:2      | Gained mutation: You have a pair of antennae on your head. [demonic ancestry]
  1542 | D:2      | Reached XP level 5. HP: 34/38 MP: 2/8
  2514 | D:3      | Learned a level 3 spell: Spider Form
  2824 | D:3      | Noticed an ogre
  2838 | D:3      | Killed an ogre
  2838 | D:3      | Reached skill level 4 in Unarmed Combat
  2838 | D:3      | Reached XP level 6. HP: 46/46 MP: 8/10
  3405 | D:4      | Reached skill level 1 in Shields
  3411 | D:4      | Reached XP level 7. HP: 37/51 MP: 1/11
  3616 | D:4      | Found a sand-covered staircase.
  3687 | Ossuary  | Entered an ossuary
  4001 | Ossuary  | Reached skill level 5 in Unarmed Combat
  4418 | D:4      | Noticed Robin
  4503 | D:4      | Killed Robin
  5052 | D:5      | Entered Level 5 of the Dungeon
  5508 | D:5      | Reached XP level 8. HP: 56/58 MP: 9/13
  6006 | D:6      | Found a staircase to the Ecumenical Temple.
  6142 | Temple   | Entered the Ecumenical Temple
  6211 | Temple   | Became a worshipper of Makhleb the Destroyer
  6509 | D:6      | Reached skill level 6 in Unarmed Combat
  6792 | D:6      | Found a shattered altar of Ashenzari.
  7708 | D:7      | Reached XP level 9. HP: 24/66 MP: 2/15
  7980 | D:7      | Reached skill level 1 in Invocations
  8164 | D:7      | Got a heavy robe
  8175 | D:7      | Identified the cursed +1 robe "Duugan" {+Blink rF- rC+ Str+2 Int+2} (You found it on level 7 of the Dungeon)
  8372 | D:7      | Found Logafoph's Book Emporium.
  8405 | D:7      | Reached * piety under Makhleb
  9013 | D:8      | Reached skill level 7 in Unarmed Combat
  9326 | D:8      | Found a snail-covered altar of Cheibriados.
  9496 | D:8      | Reached skill level 5 in Dodging
  9496 | D:8      | Reached skill level 5 in Spellcasting
  9503 | D:8      | Reached skill level 5 in Fighting
 10057 | D:9      | Reached skill level 5 in Transmutations
 10061 | D:9      | Noticed nicolaieve's ghost (novice MiBe)
 10080 | D:8      | Paralysed by a hornet for 1 turns
 10738 | D:8      | Gained mutation: You are slightly more attuned to the shadows. [demonic ancestry]
 10738 | D:8      | Reached XP level 10. HP: 50/74 MP: 12/17
 11354 | D:9      | Reached ** piety under Makhleb
 11600 | D:9      | Reached skill level 8 in Unarmed Combat
 12087 | D:9      | Found a staircase to the Lair.
 12412 | D:9      | Killed nicolaieve's ghost
 12412 | D:9      | Reached skill level 5 in Invocations
 12752 | D:10     | Entered Level 10 of the Dungeon
 12772 | D:10     | Found Gyipyrch's Book Emporium.
 12903 | D:10     | Noticed Snorg
 12923 | D:10     | HP: 1/114 [Snorg (5)]
 12925 | D:10     | Mangled by Snorg

Skill      XL: |  1  2  3  4  5  6  7  8  9 10 |
---------------+-------------------------------+-----
Dodging        | 2 3 4 5 |  5.8
Transmutations | 2 3 4 5 |  5.8
Unarmed Combat | 3 4 5 6 7 8 |  8.3
Fighting       | 2 3 4 5 |  5.9
Spellcasting   | 3 4 5 |  5.8
Shields        | 1 2 3 4 |  4.0
Invocations    | 3 5 |  5.1

Action                   |  1- 3 |  4- 6 |  7- 9 | 10-12 || total
-------------------------+-------+-------+-------+-------++-------
Melee: Unarmed           |    96 |   191 |   739 |   219 ||  1245
       Kick              |    19 |    11 |    20 |       ||    50
       Headbutt          |     1 |       |       |       ||     1
 Cast: Beastly Appendage |    18 |     7 |    13 |       ||    38
       Sticks to Snakes  |     2 |     8 |     5 |     3 ||    18
       Spider Form       |       |       |    42 |    13 ||    55
  Use: Potion            |     2 |     4 |     3 |     1 ||    10
       Scroll            |       |     5 |    11 |     4 ||    20
 Stab: Sleeping          |       |     1 |     2 |     3 ||     6
       Distracted        |       |       |     1 |     1 ||     2
  Eat: Chunk             |     2 |     6 |    18 |     4 ||    30
       Ration            |       |       |     4 |     1 ||     5
Armor: Robe              |    22 |    55 |    96 |    13 ||   186
       Skin              |       |       |    21 |    35 ||    56
Dodge: Dodged            |    78 |   137 |   537 |   177 ||   929
Block: Buckler           |       |    12 |    94 |    29 ||   135
